[Event "*** Titled Tuesday Blitz"]
[Site "Chess.com"]
[Date "2021.02.16"]
[Round "6"]
[White "Arseniy_Nesterov"]
[Black "Mikhail_Golubev"]
[Result "0-1"]
[WhiteElo "2799"]
[BlackElo "2566"]
[TimeControl "180+1"]
[EndTime "11:09:43 PST"]
[Termination "Mikhail_Golubev won by resignation"]

1. d4 Nf6 2. c4 g6 3. Nc3 Bg7 4.
e4 d6 5. Be2 O-O 6. Be3 Nc6 7.
d5 Ne5 8. h3 e6 9. Nf3 Nxf3+ 10.
Bxf3 Re8 11. O-O Bd7 12. Rc1 exd5 13. cxd5 c6 14. Bf4 cxd5 15. exd5 Qb6 16. Qd2 Bf5 17. Rfe1 h5 18. Na4 Qa6 19. Qb4 Bf8 20. Nc3 Qb6 21. Qxb6 axb6 22. a3 Bd7 23. Be2 Ne4 24. Nb5 Rac8 25.
Rxc8 Rxc8 26. f3 Bxb5 27. Bxb5 Nf6 28. Rd1 Rc5 29. a4 Nxd5 30. Bg3 Nc7 31. Bf2 Rc2 32. b3 Nxb5 33. axb5 Rc3 34. Bxb6 Rxb3 35. Rd5 Kg7 36. Bc7 Kf6 37. b6 Ke6 38. Rd1 Kd7 39. Kh2 Kc6 40. Rc1+ Kd7 41. Rd1 Rb5 42. Kg3 Be7 43. Kf4 Rb4+ 44. Kg3 Rb5 45. Kf4 d5 46. Ke5 Kc6 47.
Rc1+ Rc5 48. Rd1 d4+ 49. Ke4 f5+ 50. Kd3 Kd5 51. Re1 Rc3+ 52. Kd2 Bg5+ 53. f4 Bh4 54.
Re5+ Kc4 55. Re8 Ra3 56. Rg8 Ra2+ 57. Kc1 d3 58. Rxg6 Be1 59. Be5 Bc3 60. Bxc3 Kxc3 61. Kb1 Rb2+ 62. Ka1 Rf2 63. Rd6 d2 64. Kb1 Rf1+ 65. Ka2 d1=Q 0-1

[Event "*** Titled Tuesday Blitz"]
[Site "Chess.com"]
[Date "2021.02.16"]
[Round "6"]
[White "ChelsieMonica"]
[Black "Artyom_ChessMate"]
[Result "0-1"]
[WhiteElo "2335"]
[BlackElo "2556"]
[TimeControl "180+1"]
[EndTime "11:09:44 PST"]
[Termination "Artyom_ChessMate won on time"]

1. c4 e6 2. Nc3 d5 3. cxd5 exd5 4.
Nf3 Nf6 5. g3 c6 6. d3 Be7 7.
Bg2 O-O 8. O-O Bf5 9. h3 h6 10. Re1 Bh7 11. Bf4 Nbd7 12. Rc1 Qb6 13. Qd2 Rfe8 14.
Be3 Qa5 15. Nd4 Qd8 16. Nf3 c5 17. Bxh6 gxh6 18. Qxh6 Bf8 19. Qg5+ Bg7 20. Nxd5 Nxd5 21. Qxd5 Nb6 22. Qxc5 Bxb2 23. Rb1 Bg7 24. Qa3 Bg6 25. Nh4 Bf8 26. Qa5 Nd7 27. Qd5 Nf6 28. Qxb7 Rb8 29. Qxa7 Rxb1 30. Rxb1 Rxe2 31. Nxg6 fxg6 32. d4 Rd2 33.
Rb7 Qxd4 34. Qxd4 Rxd4 35. Rb6 Kg7 36. g4 Rd1+ 37. Kh2 Rd2 38. Kg3 Bc5 39. Rb7+ Kg8 40. f3 g5 41. f4 Bd6 42. Kf3 Bxf4 43.
a4 Nd5 44. a5 Ra2 45. Rb5 Nc3 46. Rb8+ Kf7 47. Ra8 Ra3 48. Kf2 Kf6 49. Bc6 Ke5 50.
a6 Ra2+ 51. Kf3 Ra3 52. Bb7 Nd5+ 53. Ke2 Ra2+ 54. Kd3 Ra3+ 55. Kc4 Ne3+ 56. Kb5 Kd4 57. Kb6 Bd6 58. Rd8 Ke5 59. Kc6 Rc3+ 60. Kd7 Bc5 61.
Re8+ Kf4 62. Re4+ Kg3 63. Re5 Kxh3 0-1

[Event "*** Titled Tuesday Blitz"]
[Site "Chess.com"]
[Date "2021.02.16"]
[Round "6"]
[White "JoliyRoger"]
[Black "Guzman70"]
[Result "1/2-1/2"]
[WhiteElo "2420"]
[BlackElo "2244"]
[TimeControl "180+1"]
[EndTime "11:09:44 PST"]
[Termination "Game drawn by stalemate"]

1. Nf3 g6 2. c4 Bg7 3. d4 d6 4. Nc3 Nd7 5. e4 e5 6. d5 f5 7. h3 Ngf6 8. Bd3 Nc5 9. Bc2 Nfxe4 10. Nxe4 Nxe4 11. Bxe4 fxe4 12. Ng5 O-O 13. g4 Qe7 14.
Nxe4 Bd7 15. Bg5 Qf7 16. Qe2 a6 17. O-O-O b5 18. c5 b4 19. Be3 Bb5 20. Qc2 h6 21.
Kb1 Rac8 22. Qd2 Qf3 23. Qc2 a5 24. Rhe1 a4 25. Ng3 b3 26. Qxg6 bxa2+ 27. Ka1 a3 28. Qe4 axb2+ 29. Kxb2 Ra8 30. Qxf3 e4+ 31. Bd4 Rxf3 32.
Nf5 Rxf2+ 33. Ka1 Bxd4+ 34. Rxd4 e3 35. Nxe3 dxc5 36. Re4 Bd3 37. Re5 c4 38. Nd1 Rc2 39. Ne3 Rc3 40. h4 Rb8 41. Kxa2 Rcb3 42. Nxc4 Bxc4 43.
Re8+ Kf7 44. Rxb8 Rxb8+ 45. Ka3 Bxd5 46. Rc1 c6 47. Rf1+ Ke6 48. Re1+ Kd6 49. Rf1 Rb3+ 50. Ka4 Rg3 51. Rf6+ Kc5 52. Rg6 Bf3 53. g5 hxg5 54.
hxg5 Bd5 55. Rg7 Rg1 56. Ka3 Kc4 57. Kb2 Kb4 58. Kc2 Kc4 59. Re7 Rg2+ 60. Kd1 Rxg5 61.
Re3 Kd4 62. Rh3 Rg2 63. Ra3 Be4 64. Ke1 c5 65. Kf1 Rc2 66. Ke1 c4 67. Ra7 c3 68.
Rd7+ Ke3 69. Kd1 Rd2+ 70. Kc1 Rxd7 1/2-1/2

[Event "*** Titled Tuesday Blitz"]
[Site "Chess.com"]
[Date "2021.02.16"]
[Round "6"]
[White "figo13"]
[Black "Khnykin_Nikolay"]
[Result "1-0"]
[WhiteElo "2298"]
[BlackElo "2067"]
[TimeControl "180+1"]
[EndTime "11:09:45 PST"]
[Termination "figo13 won on time"]

1. e4 c5 2. Nf3 e6 3. d4 cxd4 4. Nxd4 Nf6 5. Nc3 d6 6. Be2 Be7 7. Be3 O-O 8. O-O Nc6 9. f4 a6 10. Kh1 Nxd4 11. Bxd4 Bd7 12. Bf3 Qc7 13. Qe1 Rac8 14.
Qg3 Kh8 15. Rad1 Rg8 16. Rd2 Bc6 17. Rfd1 b5 18. a3 Nd7 19. e5 d5 20. Ne2 Bb7 21.
Qh3 Bc6 22. c3 Bc5 23. Qg3 Bxd4 24. Nxd4 Rce8 25. Bh5 Nc5 26. Qh4 Qe7 27. Qxe7 Rxe7 28. Bf3 Bb7 29. h3 Rd7 30. Kh2 Rgd8 31. Kg3 Rc8 32.
Kf2 Rcd8 33. Ke3 Rc8 34. g3 Rcd8 35. h4 Rc8 36. h5 Rcd8 37. g4 Rc8 38. g5 Rcd8 39.
h6 g6 40. Bg4 Rc8 41. Rc2 Rcd8 42. Rdc1 Rc8 43. Rd1 Ne4 44. Bf3 Nc5 45. Be2 Rcd8 46. Bd3 Rc8 47. Rcd2 Nxd3 48. Kxd3 Rcd8 49. Ke3 Rc8 50.
Rd3 Rcd8 51. Nb3 Rc8 52. Rd4 Rcd8 53. Na5 Rc8 54. Kd2 Ba8 55. Rc1 Rcd8 56. b3 Rc8 57. c4 Rcd8 58. c5 Rc7 59. b4 Rdc8 60. Ke3 Bc6 61.
Rcd1 Rd7 62. R4d2 Rdc7 63. Kd4 Rd7 64. Ke3 Rdc7 65. Nb3 Rd7 66. Nd4 Rb7 67. Nxc6 Rxc6 68. Kd4 Rd7 69. Rb1 Rd8 70. Ra2 Rb8 71. a4 bxa4 72.
Rxa4 Rb5 73. Ra5 1-0

[Event "*** Titled Tuesday Blitz"]
[Site "Chess.com"]
[Date "2021.02.16"]
[Round "6"]
[White "stepakyedael"]
[Black "MFBerna"]
[Result "0-1"]
[WhiteElo "2331"]
[BlackElo "2487"]
[TimeControl "180+1"]
[EndTime "11:09:48 PST"]
[Termination "MFBerna won by checkmate"]

1. d4 d5 2. Nf3 c6 3. e3 Bf5 4. c4 e6 5. Nc3 Nd7 6. Qb3 Qb6 7.
c5 Qxb3 8. axb3 a6 9. b4 Rc8 10.
h3 Ngf6 11. Nh4 Be7 12. Nxf5 exf5 13. Bd3 g6 14. f3 O-O 15. Bd2 Rfe8 16. O-O Bf8 17.
Rfe1 Bh6 18. Kf2 Re6 19. g4 fxg4 20. hxg4 Rce8 21. Re2 Bg7 22. Rg1 h5 23. gxh5 Nxh5 24. Ree1 Bf6 25. Rh1 Bg5 26. f4 Bh6 27. Be2 Ndf6 28.
Bf3 Bf8 29. Reg1 Ng7 30. Rh2 Nf5 31. Nd1 Ne4+ 32. Bxe4 Rxe4 33. Nc3 R4e6 34. Rh3 Bg7 35. Bc1 Nxd4 36. Rd1 Nf5 37. Rd3 d4 38. Nd1 dxe3+ 39. Nxe3 Nxe3 40. Rhxe3 Rxe3 41. Bxe3 Bf6 42. Rd7 Re7 43.
Rd8+ Kg7 44. Rb8 Rd7 45. b3 Bc3 46. Kf3 Bxb4 47. Ke4 Bc3 48. b4 Bxb4 49. Bd4+ f6 50. Re8 a5 51. Re6 Rf7 52. f5 a4 53. fxg6 Kxg6 54.
Kd3 Kf5 55. Rd6 b5 56. Rxc6 a3 57. Ra6 Kg5 58. c6 f5 59. Ra7 Rxa7 60. Bxa7 Bd6 61. Bc5 Bxc5 62. c7 a2 63. c8=Q a1=Q 64. Qxc5 Qd1+ 65. Kc3 Qc1+ 66. Kb4 Qxc5+ 67. Kxc5 f4 68. Kxb5 f3 69. Kc4 f2 70. Kd3 f1=Q+ 71. Ke3 Qf4+ 72. Ke2 Qg3 73. Kf1 Kf4 74. Ke2 Ke4 75. Kd2 Kd4 76.
Ke2 Qg2+ 77. Ke1 Kd3 78. Kd1 Qg1# 0-1

[Event "*** Titled Tuesday Blitz"]
[Site "Chess.com"]
[Date "2021.02.16"]
[Round "6"]
[White "drragnar1"]
[Black "Frolyanov_D"]
[Result "1/2-1/2"]
[WhiteElo "2429"]
[BlackElo "2654"]
[TimeControl "180+1"]
[EndTime "11:09:49 PST"]
[Termination "Game drawn by repetition"]

1. c4 e6 2. g3 d5 3. Bg2 Nf6 4. Nf3 dxc4 5. O-O Nc6 6. Qc2 Qd5 7. Nc3 Qc5 8. Na4 Qd5 9. Ne1 Nd4 10. Qd1 Qh5 11.
Nc3 e5 12. Qa4+ c6 13. Qxc4 Be6 14. Qa4 Nxe2+ 15. Nxe2 Qxe2 16. Bxc6+ Bd7 17. Bxd7+ Nxd7 18. Ng2 Be7 19. d4 Rd8 20. Re1 Qg4 21. Rxe5 b5 22. Qxb5 Qxd4 23. Re1 a6 24. Qc6 O-O 25. Rxe7 Ne5 26.
Rxe5 Qxe5 27. Be3 Qxb2 28. Rf1 Qxa2 29. h4 a5 30. h5 Qd5 31. Qb6 Qxh5 32. Nf4 Qf5 33.
Ra1 Rb8 34. Qxa5 Rb1+ 35. Kh2 Qxa5 36. Rxa5 h6 37. Kg2 Rfb8 38. Nd5 R1b5 39. Rxb5 Rxb5 40. Ne7+ Kh7 41. Nc6 g6 42. Nd4 Rb2 43. Kf3 Ra2 44. Ne2 Ra4 45. Nd4 Ra2 46. Nc6 h5 47. Nd8 Kg8 48.
Nc6 Rc2 49. Ne7+ Kf8 50. Nd5 Kg8 51. Nf4 Ra2 52. Nd5 Ra3 53. Ke4 Ra4+ 54. Bd4 Kf8 55.
Nf6 Ra2 56. Nd5 Re2+ 57. Be3 Ra2 58. Kf3 Ra4 59. Nf6 Ra3 60. Nd5 Ra4 61. Kg2 Ra2 62.
Kf3 Kg7 63. Kg2 Kg8 64. Nf4 Ra5 65. Nd3 Ra4 66. Nf4 Ra5 67. Nd3 Ra4 68. Nf4 Ra5 1/2-1/2

[Event "*** Titled Tuesday Blitz"]
[Site "Chess.com"]
[Date "2021.02.16"]
[Round "6"]
[White "crazy_but_lazy"]
[Black "paulrusan"]
[Result "1-0"]
[WhiteElo "2503"]
[BlackElo "2260"]
[TimeControl "180+1"]
[EndTime "11:09:50 PST"]
[Termination "crazy_but_lazy won on time"]

1. e4 c5 2. Nf3 Nc6 3. Bb5 g6 4. O-O Bg7 5. c3 Nf6 6. Re1 O-O 7. e5 Nd5 8. d4 cxd4 9. cxd4 Nc7 10. Bf1 d6 11.
Bf4 Bg4 12. exd6 exd6 13. h3 Bxf3 14. Qxf3 Nxd4 15. Qd3 Nce6 16. Be3 Nf5 17. Nc3 Nxe3 18. Rxe3 Nf4 19. Qc4 Be5 20. Rd1 Rc8 21. Qb3 Qb6 22.
Qxb6 axb6 23. g3 Ne6 24. Nd5 Rc2 25. Rb3 Bd4 26. Rxd4 Nxd4 27. Rxb6 Re8 28. Nf6+ Kf8 29. Nxe8 Kxe8 30. Rxb7 Nf3+ 31. Kg2 Ne1+ 32. Kg1 Nf3+ 33. Kg2 Ne1+ 34. Kh1 Rxf2 35. Bb5+ Kf8 36. Bc6 Rf1+ 37. Kh2 Nd3 38. a4 Ne5 39. Bd5 Rd1 40. Rb5 Rd2+ 41.
Kg1 Nd3 42. a5 Nxb2 43. a6 Nd3 44. a7 Rd1+ 45. Kg2 Ra1 46. a8=Q+ Rxa8 47. Bxa8 Ne5 48. Bd5 h5 49. Rb7 Kg7 50. g4 hxg4 51. hxg4 Kh6 52.
Kg3 f6 53. Rb8 Kg5 54. Rd8 Nxg4 55. Rxd6 f5 56. Bf3 Ne5 57. Ra6 f4+ 58. Kf2 Kf5 59. Ra5 g5 60. Bd1 g4 61. Bc2+ Kf6 62. Be4 g3+ 63.
Kg2 Nc4 64. Rf5+ Ke6 65. Rxf4 Ke5 66. Rh4 Ne3+ 67. Kxg3 1-0

[Event "*** Titled Tuesday Blitz"]
[Site "Chess.com"]
[Date "2021.02.16"]
[Round "6"]
[White "igorcadilhac"]
[Black "rychessmaster1"]
[Result "1-0"]
[WhiteElo "2362"]
[BlackElo "2541"]
[TimeControl "180+1"]
[EndTime "11:09:55 PST"]
[Termination "igorcadilhac won by resignation"]

1. e4 e5 2. Nf3 Nc6 3. Bb5 a6 4. Ba4 Nf6 5. d3 b5 6. Bb3 Be7 7. O-O d6 8. c3 O-O 9. a4 Bb7 10.
Na3 Nb8 11. Bg5 c6 12. Re1 Nbd7 13. d4 h6 14. Bh4 Re8 15. Nc2 Nh7 16. Bg3 Bf6 17. Ne3 Ng5 18. Nf5 Qc7 19. h4 Nxf3+ 20. Qxf3 c5 21. Qh5 Nf8 22. dxc5 dxc5 23. Qg4 Kh7 24. Bd5 Bxd5 25. exd5 Qd7 26. Qe4 g6 27. Ne3 Rad8 28. axb5 Qxb5 29. h5 Rb8 30.
c4 Qxb2 31. Rxa6 Bg7 32. hxg6+ fxg6 33. Ng4 Qd4 34. Nh2 Qxe4 35. Rxe4 Rb1+ 36. Nf1 Nd7 37. f3 Nb6 38. Kf2 Rb4 39. Ne3 Kh8 40. d6 Rd8 41. Nd5 Nxd5 42. cxd5 Rb2+ 43. Ke3 Rxg2 44. Bxe5 Bxe5 45.
Rxe5 Rg1 46. Re7 Re1+ 47. Kf2 Rd1 48. d7 Rxd5 49. Re8+ Kg7 50. Rxd8 Kf7 51. Rc8 Rxd7 52. Rxc5 g5 53. Rcc6 Kg7 54. Rg6+ Kf7 55. Rxh6 Rd2+ 56. Ke3 Rb2 57. Rh7+ Kg8 58. Rc7 Rb3+ 59. Kf2 Rb8 60. Kg3 Kh8 61. Rg6 g4 62. Rxg4 Rb3 63. Rh4+ Kg8 64.
Rd4 Rb8 65. Rdd7 Ra8 66. Rg7+ Kh8 67. Rh7+ Kg8 68. Rcg7+ Kf8 69. Rh8+ Kxg7 70. Rxa8 1-0

[Event "*** Titled Tuesday Blitz"]
[Site "Chess.com"]
[Date "2021.02.16"]
[Round "6"]
[White "lilleper1"]
[Black "elextranjero00"]
[Result "1-0"]
[WhiteElo "2842"]
[BlackElo "2629"]
[TimeControl "180+1"]
[EndTime "11:09:56 PST"]
[Termination "lilleper1 won by resignation"]

1. e4 c6 2. d4 d5 3. Nc3 dxe4 4. Nxe4 Nf6 5. Nxf6+ exf6 6. c3 Bd6 7. Bd3 O-O 8. Qc2 Re8+ 9. Ne2 h5 10. Be3 Nd7 11. Ng3 Nb6 12. O-O-O Nd5 13. Bd2 Nf4 14. Bxf4 Bxf4+ 15. Kb1 h4 16. Nf5 Bxf5 17. Bxf5 Qd5 18. f3 Re7 19. g3 Bg5 20. gxh4 Bh6 21. Rhg1 Rae8 22. Be4 Qd6 23. Rg2 Qf4 24. Rg4 Qe3 25. Qg2 f5 26. Bxf5 Qe2 27. Bc2 Qxg2 28. Rxg2 Re2 29. Rxe2 Rxe2 30.
Bb3 Rxh2 31. d5 cxd5 32. Rxd5 Rf2 33. Rd8+ Kh7 34. Bxf7 Rxf3 35. Bd5 Rf1+ 36. Kc2 b6 37. Be4+ g6 38. h5 Kg7 39. Bxg6 Rf2+ 40. Kb3 Bc1 41. Rd7+ Kh6 42. Rh7+ Kg5 43. Bc2 a5 44. a4 b5 45.
axb5 a4+ 46. Kxa4 Rxc2 47. b6 Rxb2 48. b7 Bf4 49. c4 Bd6 50. h6 Rb4+ 51. Ka5 Rxc4 52.
Rd7 Bh2 53. h7 Rh4 54. Rd2 Kg6 55. Rxh2 Rxh2 56. b8=Q Rxh7 57. Qd6+ Kg7 58. Qg3+ Kh8 59. Kb5 Rg7 60. Qh4+ Kg8 61. Qf6 Rf7 62. Qe6 Kf8 63. Kc5 Re7 64. Qc8+ Kf7 65. Qf5+ Kg7 66. Kd6 Rf7 67.
Qg5+ Kf8 68. Ke6 Rh7 69. Qd8+ Kg7 70. Qf6+ Kg8 71. Qg6+ Rg7 72. Qe8+ Kh7 73. Kf6 Rg1 74. Qe4+ Kg8 75. Qa8+ 1-0

[Event "*** Titled Tuesday Blitz"]
[Site "Chess.com"]
[Date "2021.02.16"]
[Round "6"]
[White "MusicCityMaster"]
[Black "Ajedrez_con_German"]
[Result "1-0"]
[WhiteElo "2389"]
[BlackElo "2584"]
[TimeControl "180+1"]
[EndTime "11:09:57 PST"]
[Termination "MusicCityMaster won on time"]

1. e4 e6 2. d4 d5 3. Nc3 dxe4 4. Nxe4 Nd7 5. Nf3 Ngf6 6. Ng3 c5 7. Bd3 cxd4 8.
Nxd4 Bc5 9. Be3 O-O 10. O-O Bb6 11. c3 Ne5 12. Bc2 Nc4 13. Bg5 Ne5 14. Ne4 Ng6 15.
Qf3 Bxd4 16. cxd4 Qxd4 17. Nxf6+ gxf6 18. Bxf6 Qf4 19. Qc3 e5 20. Bxg6 Qxf6 21. Be4 Kh8 22. Rfe1 Rg8 23. g3 Rb8 24. Bg2 Re8 25. f4 Bg4 26. Rxe5 Rxe5 27. fxe5 Qb6+ 28. Kh1 Rc8 29. Qd2 Be6 30. Rf1 Qd8 31. Qh6 Bd5 32. Bxd5 Qxd5+ 33.
Kg1 Qd4+ 34. Rf2 Qxe5 35. Qf6+ Qxf6 36. Rxf6 Kg7 37. Rf2 Rc7 38. Kg2 f6 39. Re2 Kf7 40. Kf2 Rc6 41. b3 Rc7 42. Kf3 Rc3+ 43. Kf4 Rc1 44.
h4 h5 45. Kf3 Rc3+ 46. Kf4 Rc1 47. Rd2 Rf1+ 48. Ke3 Ke6 49. Rc2 Kd6 50. Rc8 Ra1 51.
Rd8+ Ke7 52. Rh8 Rxa2 53. Rxh5 Rb2 54. Rh7+ Kd6 55. Rxb7 a5 56. Rb6+ Ke5 57. Rb5+ Ke6 58. Rxa5 Rxb3+ 59. Kf4 Rb4+ 60. Kf3 Kf7 61. h5 Kg7 62.
Rf5 Kf7 63. g4 Ke6 64. h6 Rb7 65. Rh5 Rh7 66. Kf4 Rh8 67. h7 Kf7 68. Kf5 Kg7 69.
Rh4 Kf7 70. Rh6 Kg7 71. Rh3 Kf7 72. Rh4 Kg7 73. Rh5 Kf7 74. Rh2 Kg7 75. Ke6 Kg6 76. Ke7 Kg5 77. Kf7 Kxg4 78. Kxf6 Kg3 79. Kg7 Rc8 80.
h8=Q 1-0

[Event "*** Titled Tuesday Blitz"]
[Site "Chess.com"]
[Date "2021.02.16"]
[Round "6"]
[White "Evachess2006"]
[Black "Kanthecarowin"]
[Result "0-1"]
[WhiteElo "1607"]
[BlackElo "2322"]
[TimeControl "180+1"]
[EndTime "11:09:57 PST"]
[Termination "Kanthecarowin won on time"]

1. e4 c6 2. d4 d5 3. exd5 cxd5 4. Bd3 Nf6 5. c3 Nc6 6. Nf3 Bg4 7. O-O e6 8. Bg5 Be7 9. Nbd2 O-O 10. Qc2 h6 11.
Bh4 Rc8 12. h3 Bxf3 13. Nxf3 Nb4 14. Qe2 Nxd3 15. Qxd3 Qb6 16. b3 Rfe8 17. Rac1 Qa5 18.
Rc2 b5 19. Rfc1 Ne4 20. Bxe7 Rxe7 21. c4 bxc4 22. bxc4 Rec7 23. cxd5 Rxc2 24. Rxc2 Rxc2 25. Qxc2 Qxd5 26. Qc8+ Kh7 27. Qa6 Qd7 28. Qd3 f5 29. Ne5 Qd5 30. a3 Qa2 31. Qe3 Qb1+ 32. Kh2 Qf1 33. f3 Nf6 34. Nd3 Qd1 35. Nf2 Qa4 36. Qxe6 Qxd4 37. Qxf5+ Kg8 38. Ng4 Qd6+ 39. Kh1 Nxg4 40.
hxg4 Qxa3 41. Qc8+ Qf8 42. Qc4+ Kh8 43. Qa6 Qb8 44.
Qa4 Qc7 45. Qe8+ Kh7 46. Qe4+ g6 47. Qe8 Kg7 48. Qe4 Kf6 49. Qd4+ Kg5 50. Qe3+ Kf6 51.
Qd4+ Kf7 52. Qd5+ Kg7 53. Qd4+ Kh7 54. Qd5 Qc1+ 55. Kh2 Qf4+ 56. Kh1 Qc7 57. Kg1 a5 58. Kh1 a4 59. Qa2 Qc1+ 60. Kh2 Qf4+ 61. Kh1 h5 62. Kg1 hxg4 63. fxg4 Qxg4 64. Qf7+ Kh6 65. Qa2 Qd4+ 66.
Kh1 Kg5 67. Kh2 Qf4+ 68. Kh1 Kg4 69. Kg1 Qe3+ 70. Kh1 Qe1+ 71. Kh2 Qg3+ 72. Kh1 Qf4 73. Kg1 g5 74. Qe2+ Kg3 75. Qd3+ Kh4 76. Qd1 Qe3+ 77. Kh1 a3 78. Qa1 Qb3 0-1

[Event "*** Titled Tuesday Blitz"]
[Site "Chess.com"]
[Date "2021.02.16"]
[Round "6"]
[White "mbojan"]
[Black "BigAl"]
[Result "1-0"]
[WhiteElo "2634"]
[BlackElo "2464"]
[TimeControl "180+1"]
[EndTime "11:10:09 PST"]
[Termination "mbojan won by resignation"]

1. d4 Nf6 2. Nf3 g6 3. g3 Bg7 4. Bg2 O-O 5. O-O d6 6. c4 Nbd7 7. Nc3 e5 8. e4 c6 9. h3 Qa5 10. Re1 exd4 11. Nxd4 Ne5 12. Qe2 Qc5 13. Be3 Qxc4 14.
Rad1 Qxe2 15. Rxe2 Re8 16. b3 Ned7 17. Bf4 Bf8 18. Nc2 Ne5 19. Red2 h6 20. Be3 g5 21. Nd4 Ng6 22. Kh2 Be6 23. Nxe6 fxe6 24. f4 gxf4 25.
gxf4 e5 26. f5 Nf4 27. Bf3 Kh7 28. Rg1 Be7 29. Bxf4 exf4 30. Ne2 Bf8 31. Nxf4 Nxe4 32. Rdg2 Ng5 33. Bh5 Re3 34. h4 Nf3+ 35. Bxf3 Rxf3 36.
Rg4 d5 37. Nh5 Bd6+ 38. Kh1 Rxf5 39. Ng7 Rf4 40. Rxf4 Bxf4 41. Ne6 Be5 42. Re1 Bf6 43. Rf1 Kg6 44. h5+ Kf7 45. Nd4 Rg8 46. Nf5 Rh8 47. Nd6+ Ke6 48. Nxb7 Rg8 49. Nc5+ Ke7 50. Re1+ Kf7 51.
Nb7 Rg5 52. Nd6+ Kg7 53. Re6 Rxh5+ 54. Kg2 Rg5+ 55. Kf3 Be5 56. Nb7 c5 57. Nxc5 Bf6 58. Nd7 Bd8 59. Re8 Bb6 60. Re7+ Kg6 61. Nxb6 axb6 62.
Rb7 Kf5 63. Rxb6 h5 64. a4 Rg1 65. a5 h4 66. b4 Rb1 67. a6 Rb3+ 68. Kg2 d4 69. a7 d3 70. a8=Q Rb2+ 71. Kf3 Ke5 72. Qf8 Kd4 73. Qf6+ Kc4 74. Qxb2 d2 75. Rc6+ Kb5 76.
Qxd2 Ka4 77. Kg2 h3+ 78. Kxh3 Kb5 79. Rc3 Ka4 80. Qc2+ Kb5 81. Kh2 Kb6 82. Kh1 Kb5 83. Kg1 1-0

[Event "*** Titled Tuesday Blitz"]
[Site "Chess.com"]
[Date "2021.02.16"]
[Round "6"]
[White "Margency"]
[Black "xberli"]
[Result "1/2-1/2"]
[WhiteElo "2677"]
[BlackElo "2503"]
[TimeControl "180+1"]
[EndTime "11:10:10 PST"]
[Termination "Game drawn by agreement"]

1. e4 e5 2. Nf3 Nc6 3. Bc4 Nf6 4. d3 Be7 5. O-O O-O 6. Re1 h6 7. a4 Kh8 8. Nc3 Nh7 9. d4 exd4 10. Nxd4 d6 11. Nxc6 bxc6 12. b3 Bf6 13. Bb2 Be5 14. Qd2 Qf6 15. Rab1 Ng5 16. Nd1 Bh3 17. Re3 Bg4 18.
Bxe5 Qxe5 19. Nc3 Rad8 20. Rf1 Qc5 21. Kh1 Be6 22. Bxe6 Nxe6 23. f4 d5 24. exd5 cxd5 25. Re5 c6 26. Ne2 Qd6 27. Re3 Nc5 28. Ng3 Qf6 29.
Qa5 Ne6 30. Qxa7 c5 31. Ref3 Nd4 32. R3f2 Qc6 33. Qa5 Ne6 34. f5 Ng5 35. f6 g6 36.
Qd2 Kh7 37. Qf4 Ne6 38. Qh4 d4 39. Ne4 Rd5 40. Ng3 Rfd8 41. Qe4 c4 42. b4 Ng5 43. Qe7 R5d7 44. Qc5 Qxc5 45. bxc5 Rc8 46. h4 Ne6 47. Ra1 Rxc5 48. Ne4 Ra5 49. Nd2 Rc7 50.
g3 d3 51. cxd3 cxd3 52. Nb3 Ra6 53. Rd2 Rc3 54. Nc1 Nc5 55. a5 Rxf6 56. Na2 Ra3 57. Rc1 Rxa5 58. Rc4 Re6 59. Kg2 Re2+ 60. Rxe2 dxe2 61.
Kf2 Rxa2 62. Rxc5 Ra1 63. Kxe2 Rg1 64. Kf3 Ra1 65. Rc7 Kg7 66. Kg2 Ra6 67. Kh3 Rf6 68.
Rb7 h5 69. Kg2 Rf5 70. Rc7 Kh6 71. Rb7 g5 72. hxg5+ Kxg5 73. Kh3 Rf6 74. Rb5+ Kg6 75.
Kh4 Re6 76. Rg5+ Kf6 77. Rxh5 Re1 78. Rh6+ Kg7 79. Rb6 Rh1+ 80. Kg4 Rd1 81. Kf4 Rf1+ 82.
Kg4 Re1 83. Kf4 Rf1+ 84. Kg4 Re1 85. Kf4 1/2-1/2

[Event "*** Titled Tuesday Blitz"]
[Site "Chess.com"]
[Date "2021.02.16"]
[Round "6"]
[White "tigra"]
[Black "frederiksvane"]
[Result "0-1"]
[WhiteElo "2849"]
[BlackElo "2708"]
[TimeControl "180+1"]
[EndTime "11:10:11 PST"]
[Termination "frederiksvane won on time"]

1. e4 c5 2. d4 cxd4 3. c3 e5 4. cxd4 exd4 5. Nf3 Nc6 6. Bc4 Bc5 7. O-O d6 8. Ng5 Nh6 9. f4 O-O 10. h3 Qe7 11. f5 Ne5 12. Bd5 Kh8 13. f6 gxf6 14.
Nxh7 d3+ 15. Kh1 Nhg4 16. Nxf8 Qxf8 17. hxg4 Qg7 18. Rf3 Bxg4 19. Rh3+ Bxh3 20. gxh3 Qh7 21. Qf1 Rg8 22. Qxf6+ Qg7 23. Bg5 Kh7 24. Qxg7+ Rxg7 25. h4 f6 26. Nd2 fxg5 27. h5 g4 28. Kg2 Kh6 29. Rf1 Kxh5 30. Rf8 Kg5 31. Nf1 Ng6 32. Rf5+ Kh6 33. Kg3 Ne7 34. Rf6+ Kg5 35. Rf4 Kh5 36.
Be6 Bd4 37. Bxg4+ Kg5 38. Rf8 Be5+ 39. Kf3 Bf6 40. Rh8 Rf7 41. Rh5+ Kg6 42. Kg2 Be5 43. Rh3 Rf4 44. Bd1 Rxe4 45. Rxd3 Rd4 46. Be2 Rxd3 47.
Bxd3+ Kf6 48. b3 Bd4 49. Kf3 Ke5 50. Nd2 d5 51. Ke2 Bc3 52. Nf3+ Kd6 53. Nh4 Nc6 54. Nf5+ Ke5 55. Bb1 Bb4 56. Nh4 Bc5 57. Nf3+ Kd6 58. Kd3 Nb4+ 59. Kd2 Nc6 60. Ke2 a6 61. Kd3 Ke6 62. Ke2 Kd6 63. Ne1 Ke5 64. Kd1 Kd4 65. Nc2+ Kc3 66. Kc1 d4 67. Ne1 Ne5 68. Be4 d3 0-1

[Event "*** Titled Tuesday Blitz"]
[Site "Chess.com"]
[Date "2021.02.16"]
[Round "6"]
[White "KafkaesqueKnight"]
[Black "MagzyPotato"]
[Result "1-0"]
[WhiteElo "2246"]
[BlackElo "2407"]
[TimeControl "180+1"]
[EndTime "11:10:12 PST"]
[Termination "KafkaesqueKnight won on time"]

1. d4 Nf6 2. c4 e6 3. Nf3 d5 4.
Nc3 c6 5. Bg5 h6 6. Bxf6 Qxf6 7.
e3 Nd7 8. Rc1 g6 9. Bd3 dxc4 10.
Bxc4 Bg7 11. e4 e5 12. d5 O-O 13. O-O Nb6 14. Bb3 Rd8 15. Qc2 Bg4 16. Nd2 Rac8 17. Nc4 Nxc4 18. Bxc4 b5 19. Be2 Bxe2 20. Qxe2 b4 21.
Na4 cxd5 22. Rxc8 Rxc8 23. exd5 Qd6 24. Rd1 f5 25. b3 e4 26. g3 Re8 27. Qb5 Rd8 28. Qc5 Be5 29. Qxd6 Rxd6 30. Nc5 Kf7 31. Nb7 Rd7 32. Na5 Bd6 33. Nc4 Kf6 34. Kf1 Bc5 35.
Ke2 g5 36. f3 exf3+ 37. Kxf3 h5 38. d6 a6 39. Rd5 Ba7 40. h4 gxh4 41. gxh4 Ke6 42.
Re5+ Kf6 43. Kf4 Bb8 44. Rxf5+ Ke6 45. Re5+ Kf6 46. Rd5 Ba7 47. Rxh5 Rg7 48. Rh6+ Kf7 49. d7 Ke7 50. Rxa6 Bc5 51. Rc6 Bf2 52. Ne5 Bg3+ 53.
Kf5 Bxh4 54. Re6+ Kd8 55. Re8+ Kc7 56. Rc8+ Kb6 57. d8=Q+ Bxd8 58. Rxd8 Rg2 59. Nc4+ Kc5 60. Ra8 Kd4 61. Ra4 Kc3 62. Ke4 Re2+ 63. Kd5 Rh2 64. Ne5 Rh5 65. Ra6 Rh2 66. Rc6+ Kb2 67. Rc4 Rd2+ 68. Kc5 Re2 69. Nc6 Kxa2 70. Rxb4 Rc2+ 71. Kd5 Ka3 72. Rb8 Rb2 73. Nd4 Rd2 74. Kc4 Rh2 75. b4 Rh7 76. b5 Ka4 77. Ra8+ 1-0

[Event "*** Titled Tuesday Blitz"]
[Site "Chess.com"]
[Date "2021.02.16"]
[Round "6"]
[White "cstevens1"]
[Black "PavelChernomordik"]
[Result "0-1"]
[WhiteElo "2619"]
[BlackElo "2392"]
[TimeControl "180+1"]
[EndTime "11:10:21 PST"]
[Termination "PavelChernomordik won by resignation"]

1. e4 g6 2. d4 Bg7 3. Nc3 d6 4. Nf3 a6 5. h3 b5 6. Bd3 Bb7 7. Ne2 c5 8. c3 Nd7 9. Ng3 Qc7 10. Qe2 e5 11. O-O Ngf6 12. Be3 O-O 13. Rac1 Rfe8 14. d5 c4 15. Bb1 Nc5 16. Nh2 Bc8 17. Ng4 Nxg4 18.
hxg4 a5 19. f3 Ba6 20. Kf2 b4 21. Rh1 Rab8 22. Rh2 Nd3+ 23. Bxd3 cxd3 24. Qd2 bxc3 25. Rxc3 Qb7 26. b3 Rbc8 27. Rxd3 Bxd3 28. Qxd3 Qb4 29. Ne2 Qa3 30. Qd2 a4 31. Bh6 Bh8 32. Qg5 Qc5+ 33. Kg3 axb3 34. axb3 Qc2 35. Qe3 Rb8 36. Qd2 Qxd2 37.
Bxd2 Rxb3 38. Bh6 Rc8 39. Ng1 Rc2 40. Nh3 Bf6 41. g5 Bd8 42. Nf2 Rbb2 43. Ng4 f5 44.
gxf6 Kf7 45. Bg5 h5 46. Nh6+ Kf8 47. Kh3 Rb1 48. g3 Rxh2+ 49. Kxh2 Rb7 50. Kg2 Rh7 51. f4 exf4 52. gxf4 Bxf6 53. Bxf6 Rxh6 54. e5 dxe5 55. fxe5 g5 56. Bd8 Ke8 57. Ba5 Ra6 58. Bc3 Ra3 59. Bd4 Ra4 60. Bc5 Ra5 61. Be3 Rxd5 62. Bxg5 Rxe5 63. Bf4 Rf5 64. Kg3 Kf7 65. Be3 Kg6 66. Bg1 Rd5 67. Kh2 Rd3 68. Kh1 Kf5 69. Bh2 Kg4 70.
Bg1 Kh3 71. Bh2 Rd1+ 72. Bg1 Rd2 73. Bb6 h4 74. Bg1 Re2 75. Bb6 Kg3 76. Bg1 h3 77. Bb6 h2 78. Bf2+ Kxf2 0-1